 Dungeon Crawl Stone Soup version 0.29.1-1-gd02db6906a (webtiles) character file.

Game seed: 8710383329955889354

555 Earthwalker the Covered (level 7, -5/61 HPs)
             Began as a Minotaur Fighter on Oct 13, 2022.
             Slain by an orc warrior
             ... wielding a +0 war axe
              (13 damage)
             ... on level 5 of the Dungeon.
             The game lasted 00:06:51 (4105 turns).

Earthwalker the Covered (Minotaur Fighter)          Turns: 4105, Time: 00:06:52

Health: -5/61      AC: 12    Str: 22    XL:     7   Next: 8%
Magic:  6/6        EV:  7    Int:  5    God:
Gold:   254        SH:  5    Dex: 10    Spells: 6/6 levels left

rFire   . . .      SeeInvis .   a - +0 trident
rCold   . . .      Faith    .   c - +0 buckler
rNeg    . . .      Spirit   .   r - +0 plate armour
rPois   .          Reflect  .   (helmet restricted)
rElec   .          Harm     .   (no cloak)
rCorr   .          Rampage  .   (no gloves)
Will    .....                   (no boots)
Stlth   ..........              (no amulet)
HPRegen 0.20/turn               (no ring)
MPRegen 0.10/turn               (no ring)

@: no status effects
A: horns 2, retaliatory headbutt
a: no special abilities


You were on level 5 of the Dungeon.
You visited 1 branch of the dungeon, and saw 5 of its levels.

You collected 254 gold pieces.

Inventory:

Hand Weapons
 a - a +0 trident (weapon)
Missiles
 i - 19 stones (quivered)
 k - 16 poisoned darts
 y - 2 boomerangs
Armour
 b - a +0 scale mail
 c - a +0 buckler (worn)
 r - a +0 plate armour (worn)
Jewellery
 g - a ring of wizardry
Wands
 s - a wand of roots (3)
 z - a wand of paralysis (6)
Scrolls
 e - 2 scrolls of blinking {unknown}
 f - 3 scrolls of enchant weapon {unknown}
 j - a scroll of vulnerability {unknown}
 o - 2 scrolls of identify {unknown}
 q - a scroll of immolation {unknown}
 u - a scroll of amnesia {unknown}
 v - 2 scrolls of teleportation {unknown}
 w - 3 scrolls of fear {unknown}
Potions
 d - 4 potions of might
 h - 4 potions of heal wounds {unknown}
 l - a potion of degeneration {unknown}
 m - 4 potions of curing {unknown}
 n - a potion of magic {unknown}
 p - a potion of brilliance {unknown}
 t - 2 potions of flight {unknown}
 x - a potion of attraction {unknown}


   Skills:
 * Level 5.3 Fighting
 * Level 4.3 Polearms
 + Level 1.8 Throwing
 * Level 5.5 Armour
 * Level 3.1 Dodging
 * Level 5.2 Shields


You had 6 spell levels left.
You didn't know any spells.
Your spell library contained the following spells:

 Spells                   Type           Power      Damage    Failure   Level
 Apportation              Tloc           0%         N/A       100%        1
 Necrotise                Necr           0%         1d4       100%        1
 Summon Small Mammal      Summ           0%         N/A       100%        1
 Static Discharge         Conj/Air       0%         3-3/arc   100%        2
 Dazzling Flash           Conj/Hex       0%         N/A       100%        3
 Dispel Undead            Necr           0%         3d6       100%        4
 Sticky Flame             Conj/Fire      0%         2d3       100%        4
 Agony                    Necr           0%         N/A       100%        5
 Silence                  Hex/Air        0%         N/A       100%        5


Dungeon Overview and Level Annotations

Branches:
Dungeon (5/15)
 Temple: D:4-7

Altars:
Nemelex Xobeh
Wu Jian

Shops:
D:3 !

Annotations:
D:3 3 runed translucent doors, topfpfpflanze's ghost, amateur OpEE


Innate Abilities, Weirdness & Mutations

You have a pair of horns on your head.
You reflexively headbutt those who attack you in melee.


Message History

You hit the adder.
You kill the adder!
No target in view!
An orc warrior comes into view. It is wielding a +0 war axe.
The orc warrior shouts!
You hear an angry hiss.
The orc warrior unwields a +0 war axe.
The orc warrior wields a +0 arbalest.
The orc warrior shoots a bolt.
The bolt hits you!
Found a manual of Polearms.
The orc warrior shoots a bolt.
The bolt hits you but does no damage.
You reach to attack!
You closely miss the orc warrior.
An iguana comes into view.
You hit the orc warrior but do no damage.
The orc warrior unwields a +0 arbalest.
The orc warrior wields a +0 war axe.
The orc warrior hits you with a +0 war axe!
You hit the orc warrior. Your headbutt misses the orc warrior.
The orc warrior is lightly wounded.
The orc warrior barely misses you. You furiously retaliate!
You headbutt the orc warrior. You closely miss the orc warrior.
The orc warrior is lightly wounded.
The orc warrior hits you with a +0 war axe!
You completely miss the orc warrior.
The orc warrior is lightly wounded.
The orc warrior hits you with a +0 war axe!
You are too injured to fight recklessly!
You are too injured to fight recklessly!
You are too injured to fight recklessly!
You hit the orc warrior but do no damage.
The orc warrior is lightly wounded.
The orc warrior hits you with a +0 war axe!
* * * LOW HITPOINT WARNING * * *
You closely miss the orc warrior. Your headbutt misses the orc warrior.
The orc warrior is lightly wounded.
The orc warrior hits you but does no damage.
You hit the orc warrior. Your headbutt misses the orc warrior.
The orc warrior is moderately wounded.
The orc warrior hits you with a +0 war axe!
* * * LOW HITPOINT WARNING * * *
The orc warrior hits you with a +0 war axe!
You die...

#.###..###....
#......# #.###
#.#.##.###.#
#........#
####.....##
#...........
#.##########
#.#.#####:##
#...@ol.....
######...#.# #
.#.# ## .# 8#
.# .## .#
.8######## .
.##......#
#### ####
8#######.# #..
...#


You could see an orc warrior and an iguana.

Vanquished Creatures
  A black bear (D:5)
  A kobold brigand (D:5)
  A scorpion (D:4)
  A hound (D:4)
  2 jellies
  3 iguanas
  An orc wizard (D:5)
  4 adders
  5 dart slugs
  7 orcs
  9 bats
  7 endoplasms
  5 giant cockroaches
  4 goblins
  10 hobgoblins
  4 jackals (D:2)
  A quokka (D:3)
  3 ball pythons
  3 frilled lizards
  14 kobolds
  7 rats
93 creatures vanquished.

Notes
Turn   | Place    | Note
-------+----------+-------------------------------------------
     0 | D:1      | Earthwalker the Minotaur Fighter began the quest for the
                  | Orb.
     0 | D:1      | Reached XP level 1. HP: 19/19 MP: 0/0
   187 | D:1      | Reached XP level 2. HP: 27/27 MP: 1/1
   507 | D:1      | Reached skill level 1 in Dodging
   657 | D:1      | Found a faded altar of an unknown god.
  1112 | D:2      | Reached XP level 3. HP: 33/33 MP: 2/2
  1914 | D:3      | Reached XP level 4. HP: 25/40 MP: 3/3
  2167 | D:3      | Noticed topfpfpflanze's ghost (amateur OpEE)
  2316 | D:3      | Identified the +0 hand axe "Demon's Death" {vorpal, rC+
                  | Str+4 Dex+2}
  2426 | D:3      | Found Nafourus's Distillery.
  2473 | D:3      | Found a runed translucent gate.
  2476 | D:3      | Found a runed translucent gate.
  2477 | D:3      | Found a runed translucent gate.
  2833 | D:4      | Reached skill level 1 in Throwing
  2888 | D:4      | Found a sparkling altar of Nemelex Xobeh.
  3111 | D:4      | Noticed a scorpion
  3116 | D:4      | Killed a scorpion
  3117 | D:4      | Reached XP level 5. HP: 47/47 MP: 4/4
  3453 | D:5      | Entered Level 5 of the Dungeon
  3461 | D:5      | Found an ornate altar of the Wu Jian Council.
  3506 | D:5      | Reached skill level 5 in Armour
  3506 | D:5      | Reached XP level 6. HP: 42/55 MP: 5/5
  3651 | D:5      | Reached skill level 5 in Fighting
  3880 | D:5      | Reached skill level 5 in Shields
  4002 | D:5      | Reached XP level 7. HP: 49/61 MP: 6/6
  4105 | D:5      | Slain by an orc warrior

Illustrated notes

Levels and vault maps discovered:
D:1:      spicycebolla_arrival_xxxplode, layout_loops_corners,
          shapermc_ecumenical_altar_petra
D:2:      layout_basic, minmay_quantized
D:3:      layout_loops_ring, serial_shops, shop, gammafunk_ghost_icy,
          nrook_mini_backslash, hangedman_glass_teeth
D:4:      layout_loops_ring, nemelex_dance_club_becter
D:5:      layout_loops_ring, nzn_wu_jian_council_hall, minmay_manual_monolith

Skill      XL: |  1  2  3  4  5  6 |
---------------+-------------------+-----
Dodging        | 1 2 3 |  3.1
Shields        | 4 5 |  5.2
Armour         | 4 5 |  5.5
Fighting       | 4 5 |  5.3
Polearms       | 3 4 |  4.3
Throwing       | 1 |  1.8

Action                   |  1- 3 |  4- 6 |  7- 9 || total
-------------------------+-------+-------+-------++-------
Melee: Trident           |   113 |   125 |    17 ||   255
       Headbutt          |    15 |    12 |     1 ||    28
Throw: Stone             |       |    18 |     5 ||    23
Armor: Scale mail        |    45 |     2 |       ||    47
       Plate armour      |       |    52 |     4 ||    56
Dodge: Dodged            |    38 |    28 |     1 ||    67
Block: Buckler           |    12 |    16 |     2 ||    30
